cohdb
Replays
Latest Replays
All Replays
Popular Replays
Top Player Replays
Match Explorer
How It Works
Community
CoH3 Stats
Reddit
Sign in to upload your games and track your stats! →
Sign in with Steam
Match 45146470
Unlisted
Match 45146470
Overview
Messages
Build Orders
End
Construct Infanterie Kompanie
Selects Breakthrough Battlegroup
Selects Assault Grenadiers
Grenadier Squad
Grenadier Squad
Grenadier Squad
Grenadier Squad
Infanterie Officer Quarters
Construct Luftwaffe Kompanie
Support Elements
Selects Rapid Production
Jäger Squad
Wirbelwind Flakpanzer
Marder III M Tank Destroyer
MG 42 Machine Gun Team
Jäger Squad
Luftwaffe Officer Quarters
MG 42 Machine Gun Team
Pioneer Squad
Construct Panzer Kompanie
Selects Blitzkrieg
Medical Bunker
Selects Tiger Heavy Tank
Tiger Heavy Tank
Construct Panzer Kompanie
MG 42 Bunker
Selects Breakthrough
Selects Incendiary Bombing Run
DebaKLe
【POW】够得到的钟摆
李小凡
감귤
0
0
Comments
sign in to comment!
No comments posted yet!